 Dungeon Crawl Stone Soup version 0.24-a0-203-gf0bc1e9 (webtiles) character file.

Game seed: 7738140335474776646

546 Borgoz the Cutter (level 7, -4/61 HPs)
             Began as a Kobold Gladiator on Mar 26, 2019.
             Slain by a mummy (8 damage)
             ... in an ossuary.
             The game lasted 00:05:51 (3266 turns).

Borgoz the Cutter (Kobold Gladiator)                Turns: 3266, Time: 00:05:52

Health: -4/61      AC: 23    Str: 13    XL:     7   Next: 53%
Magic:  10/10      EV:  3    Int: 10    God:
Gold:   154        SH:  0    Dex: 16    Spells: 10/10 levels left

rFire    . . .     SeeInvis .   l - +1 dagger (venom)
rCold    + . .     Gourm    .   (shield restricted)
rNeg     + + +     Faith    .   (armour currently unavailable)
rPois    +         Spirit   .   (helmet currently unavailable)
rElec    .         Reflect  .   (cloak currently unavailable)
rCorr    .         Harm     .   (gloves currently unavailable)
MR       .....     NoTele   +   (boots currently unavailable)
Stlth    ++........             e - amulet of regeneration
HPRegen  0.60/turn              y - ring of protection from cold
MPRegen  0.12/turn              (no ring)

@: tree-form, hasted, very quick
A: small, carnivore
a: no special abilities


You were in an ossuary.
You were very full.
You were a tree.
You visited 1 branch of the dungeon, and saw 4 of its levels.
You also visited: Ossuary.

You collected 154 gold pieces.

Inventory:

Hand Weapons
 a - a +0 rapier
 l - a +1 dagger of venom (weapon)
Missiles
 d - 3 throwing nets (quivered)
 C - 3 tomahawks
Armour
 b - a +0 leather armour (melded)
 c - a +0 helmet (melded)
 s - a cursed +0 pair of boots (melded)
Jewellery
 e - an amulet of regeneration (around neck)
 r - a +3 amulet of reflection
 y - a ring of protection from cold (left branch)
Wands
 B - a wand of disintegration (9)
Scrolls
 g - a scroll of magic mapping {unknown}
 j - a scroll of enchant armour {unknown}
 m - 4 scrolls of teleportation {unknown}
 p - 3 scrolls of remove curse {unknown}
 q - a scroll of fear {unknown}
 t - a scroll of fog {unknown}
 v - a scroll of amnesia {unknown}
 A - a scroll of noise {unknown}
Potions
 n - a potion of mutation {unknown}
 o - 2 potions of cancellation
 u - 2 potions of curing
 w - a potion of haste
 x - a potion of brilliance {unknown}
 z - a potion of agility {unknown}
Comestibles
 f - 8 rations


   Skills:
 + Level 3.3 Fighting
 * Level 5.9 Short Blades
 + Level 3.3 Throwing
 * Level 2.3 Armour
 * Level 5.5 Dodging
 + Level 3.1 Stealth
 + Level 2.0 Spellcasting
 + Level 0.2 Evocations


You had 10 spell levels left.
You didn't know any spells.
Your spell library was empty.

Dungeon Overview and Level Annotations

Branches:
Dungeon (4/15)
 Temple: D:4-7

Altars:
Gozag
Kikubaaqudgha
Qazlal

Annotations:
Ossuary Menkaure


Innate Abilities, Weirdness & Mutations

You are small and have problems with some larger weapons.
You are carnivorous and can eat meat at any time.


Message History

The sentinel's mark upon you fades away.
Menkaure completely misses you. The mummy hits you but does no damage.
You hit Menkaure.
Menkaure is severely damaged.
The mummy hits you but does no damage.
You hit Menkaure.
Menkaure is severely damaged.
Menkaure hits you.
* * * LOW HITPOINT WARNING * * *
You closely miss Menkaure.
Menkaure is severely damaged.
Menkaure hits you but does no damage. The mummy barely misses you.
You hit Menkaure.
Menkaure is almost destroyed.
You barely miss Menkaure.
Menkaure is almost destroyed.
Menkaure hits you!
* * * LOW HITPOINT WARNING * * *
The mummy hits you!
You die...

##..##..##.^##..##
##..##..####..##..##
##..##..######..##..##
##..##..##....##..##..#
##..##..##..##..##..##..
##..##..##.^####..##.^##.
##..##..##..## ##..##.^##
##..##..##M.## ##..##..#
##..##.^##M♣## ##..##..
##.^##..##ZM## ##..##.
##..##..##ZZ# ##..##
##..##..##..# ##..# ##.^##..##..#
##^^ ##..##.^##... ##.
#..##..##########################
..##.................^...........
.################################


You could see Menkaure, 2 mummies, 2 rat zombies and a gnoll zombie.

Vanquished Creatures
  An ogre (D:4)
  A bullfrog (D:3)
  A scorpion (D:4)
  2 orc priests (D:4)
  3 orc wizards
  An iguana (D:4)
  A mummy (Ossuary)
  4 adders (D:2)
  3 worms
  A dart slug (D:4)
  2 leopard geckos
  17 orcs
  4 giant cockroaches
  4 gnoll zombies (Ossuary)
  7 goblins
  10 hobgoblins
  4 jackals (D:4)
  11 kobolds
  3 quokkas
  9 bats
  2 frilled lizards
  4 gnoll skeletons (Ossuary)
  4 goblin skeletons (Ossuary)
  4 goblin zombies (Ossuary)
  7 hobgoblin skeletons (Ossuary)
  4 hobgoblin zombies (Ossuary)
  5 kobold skeletons (Ossuary)
  4 kobold zombies (Ossuary)
  2 leopard gecko skeletons (D:4)
  An orc skeleton (Ossuary)
  4 orc zombies (Ossuary)
  10 rats
  4 rat skeletons (Ossuary)
  2 rat zombies (Ossuary)
146 creatures vanquished.

Notes
Turn   | Place    | Note
-------+----------+-------------------------------------------
     0 | D:1      | Borgoz the Kobold Gladiator began the quest for the Orb.
     0 | D:1      | Reached XP level 1. HP: 12/12 MP: 1/1
   103 | D:1      | Reached XP level 2. HP: 17/17 MP: 2/2
   587 | D:1      | Reached XP level 3. HP: 21/22 MP: 3/3
   906 | D:1      | Reached skill level 1 in Stealth
  1141 | D:2      | Reached XP level 4. HP: 27/27 MP: 5/5
  1223 | D:2      | Reached skill level 1 in Armour
  1684 | D:3      | Reached skill level 1 in Spellcasting
  1684 | D:3      | Reached XP level 5. HP: 31/31 MP: 6/6
  1705 | D:3      | Found an ancient bone altar of Kikubaaqudgha.
  1748 | D:3      | Noticed a bullfrog
  1759 | D:3      | Killed a bullfrog
  1885 | D:3      | Reached skill level 5 in Short Blades
  2082 | D:3      | Found a stormy altar of Qazlal.
  2173 | D:3      | Reached XP level 6. HP: 29/36 MP: 6/8
  2369 | D:4      | Reached skill level 5 in Dodging
  2513 | D:4      | Found an opulent altar of Gozag.
  2588 | D:4      | Noticed an ogre
  2606 | D:4      | Killed an ogre
  2606 | D:4      | Reached XP level 7. HP: 16/41 MP: 9/9
  2834 | D:4      | Found a sand-covered staircase.
  2839 | Ossuary  | Entered an ossuary
  3220 | Ossuary  | Noticed Menkaure
  3266 | Ossuary  | Slain by a mummy

Levels and vault maps discovered:
D:1:      dpeg_arrival_shelter, layout_basic
D:2:      layout_loops_ring
D:3:      layout_loops_ring, nicolae_qazlal_general_emergency,
          lemuel_doored_altar, nrook_uturn, chequers_arboretum,
          chequers_serial_rivers_room_a
D:4:      layout_rooms, first_ration, enter_ossuary_2, grunt_gozag_breadcrumbs
Ossuary:  ossuary_due_pyramid

Skill      XL: |  1  2  3  4  5  6  7 |
---------------+----------------------+-----
Dodging        | 4 5 |  5.5
Stealth        | 1 2 3 |  3.1
Armour         | 1 2 |  2.3
Spellcasting   | 1 2 |  2.0
Short Blades   | 5 |  5.9
Throwing       | 3 |  3.3
Fighting       | 3 |  3.3
Evocations     | |  0.2

Action                   |  1- 3 |  4- 6 |  7- 9 || total
-------------------------+-------+-------+-------++-------
Melee: Rapier            |    39 |       |       ||    39
       Dagger            |    51 |   214 |   269 ||   534
  Use: Scroll            |       |       |     5 ||     5
       Potion            |       |       |     4 ||     4
 Stab: Sleeping          |     4 |     3 |       ||     7
  Eat: Chunk             |     8 |     6 |     2 ||    16
Armor: Leather armour    |    11 |    36 |    37 ||    84
       Skin              |       |       |     6 ||     6
Dodge: Dodged            |    53 |   176 |   164 ||   393

Table legend:
 A = Non-vault XP
 B = Vault XP
 C = Vault XP percentage of total XP
 D = Non-vault monster count
 E = Vault monster count
 F = Vault count percentage of total count
                 A         B        C        D         E       F
            +---------+---------+-------+---------+---------+-------
      Total |     716 |      64 |   8.2 |      98 |      45 |  31.5
            +---------+---------+-------+---------+---------+-------
        D:1 |      37 |       0 |   0.0 |      24 |       0 |   0.0
        D:2 |      85 |       0 |   0.0 |      20 |       0 |   0.0
        D:3 |     185 |       0 |   0.0 |      29 |       0 |   0.0
        D:4 |     409 |       0 |   0.0 |      25 |       0 |   0.0
    Ossuary |       0 |      64 | 100.0 |       0 |      45 | 100.0
            +---------+---------+-------+---------+---------+-------
